| TOP OF THE 1ST |
|
Savannah Swamp Foxes batting - Pitching for Buffalo Bisons : RHP Brad Radke
|
|
Pitching: RHP Brad Radke
|
|
|
Batting: LHB Tony Longmire
|
0-0: Called Strike 0-1: Fly out, F9 (Line Drive, 9D, EV 98.1 MPH)
|
|
Batting: LHB Jacob Cruz
|
0-0: Ball 1-0: SOLO HOME RUN (Flyball, 89XD, EV 110.0 MPH), Distance : 426 ft
|
|
Batting: SHB Greg Norton
|
0-0: Ball 1-0: Called Strike 1-1: Ball 2-1: Fly out, F8 (Flyball, 8LM, EV 93.8 MPH)
|
|
Batting: RHB Jimmy Hurst
|
0-0: Called Strike 0-1: Fly out, F9 (Flyball, 9, EV 86.9 MPH)
|
| Top of the 1st over - 1 run, 1 hit, 0 errors, 0 left on base; Savannah 1 - Buffalo 0 |
| BOTTOM OF THE 1ST |
|
Buffalo Bisons batting - Pitching for Savannah Swamp Foxes : RHP David Nied
|
|
Pitching: RHP David Nied
|
|
|
Batting: SHB Roger Cedeno
|
0-0: Called Strike 0-1: Fly out, F4 (Popup, 4D, EV 46.9 MPH)
|
|
Batting: SHB Enrique Wilson
|
0-0: Ground out 2-3 (Groundball, 2R, EV 66.9 MPH)
|
|
Batting: LHB Matt Stairs
|
0-0: Ground out 1-3 (Groundball, 34S, EV 88.1 MPH)
|
| Bottom of the 1st over - 0 runs, 0 hits, 0 errors, 0 left on base; Savannah 1 - Buffalo 0 |
| TOP OF THE 2ND |
|
Savannah Swamp Foxes batting - Pitching for Buffalo Bisons : RHP Brad Radke
|
|
Batting: LHB Jack Howell
|
0-0: Called Strike 0-1: Swinging Strike 0-2: Ball 1-2: Foul Ball, location: 2F 1-2: Ball 2-2: Foul Ball, location: 2F 2-2: Foul Ball, location: 2F 2-2: Strikes out swinging
|
|
Batting: RHB Izzy Molina
|
0-0: Called Strike 0-1: Ball 1-1: SINGLE (Line Drive, 3D, EV 96.9 MPH)
|
|
Batting: LHB Koji Goto
|
0-0: Ball 1-0: Ball 2-0: Ball 3-0: Called Strike 3-1: Called Strike 3-2: Grounds into double play, 5-4-3 (Groundball, 56, EV 81.9 MPH)
|
| Top of the 2nd over - 0 runs, 1 hit, 0 errors, 0 left on base; Savannah 1 - Buffalo 0 |
| BOTTOM OF THE 2ND |
|
Buffalo Bisons batting - Pitching for Savannah Swamp Foxes : RHP David Nied
|
|
Batting: RHB Kevin Young
|
0-0: Ball 1-0: Ball 2-0: Ball 3-0: Called Strike 3-1: Called Strike 3-2: Foul Ball, location: 2F 3-2: Foul Ball, location: 2F 3-2: Base on Balls
|
|
Batting: RHB Eddie Zambrano
|
0-0: Ball 1-0: Foul Ball, location: 2F 1-1: Ball 2-1: Foul Ball, location: 2F 2-2: Fly out, F7 (Flyball, 78D, EV 93.8 MPH)
|
|
Batting: RHB Manny Martinez
|
0-0: Ball 1-0: Fly out, F4 (Flyball, 3D, EV 94.4 MPH)
|
|
Batting: RHB Tim Spehr
|
0-0: Called Strike 0-1: Ball 1-1: Ball 2-1: Called Strike 2-2: SINGLE (Groundball, 4MD, EV 100.0 MPH) Kevin Young to second Runner from 2nd tries for 3rd, SAFE, no throw by CF
|
|
Batting: SHB David Howard
|
0-0: Ball 1-0: Swinging Strike 1-1: Ball 2-1: Fly out, F4 (Line Drive, 4, EV 75.6 MPH)
|
| Bottom of the 2nd over - 0 runs, 1 hit, 0 errors, 2 left on base; Savannah 1 - Buffalo 0 |
| TOP OF THE 3RD |
|
Savannah Swamp Foxes batting - Pitching for Buffalo Bisons : RHP Brad Radke
|
|
Batting: RHB Andy Sheets
|
0-0: Ball 1-0: Ball 2-0: Ground out 5-3 (Groundball, 56S, EV 85.6 MPH)
|
|
Batting: RHB Masahiro Kawai
|
0-0: Ball 1-0: Fly out, F9 (Flyball, 9LM, EV 82.5 MPH)
|
|
Batting: LHB Tony Longmire
|
0-0: Ball 1-0: Ground out U3 (Groundball, 34, EV 93.1 MPH)
|
| Top of the 3rd over - 0 runs, 0 hits, 0 errors, 0 left on base; Savannah 1 - Buffalo 0 |
| BOTTOM OF THE 3RD |
|
Buffalo Bisons batting - Pitching for Savannah Swamp Foxes : RHP David Nied
|
|
Batting: RHB Robert Eenhoorn
|
0-0: Called Strike 0-1: Ball 1-1: Ball 2-1: Ball 3-1: Swinging Strike 3-2: Fly out, F9 (Flyball, 9D, EV 105.6 MPH)
|
|
Batting: SHB Roger Cedeno
|
0-0: Ball 1-0: Called Strike 1-1: Ball 2-1: DOUBLE (Line Drive, 78D, EV 102.5 MPH)
|
|
Batting: SHB Enrique Wilson
|
0-0: Called Strike 0-1: Ground out 4-3 (Groundball, 4, EV 107.5 MPH) Roger Cedeno to third
|
|
Batting: LHB Matt Stairs
|
0-0: Foul Ball, location: 2F 0-1: Called Strike 0-2: SINGLE (Line Drive, 78S, EV 88.1 MPH) Roger Cedeno scores
|
|
Batting: RHB Kevin Young
|
0-0: Foul Ball, location: 2F 0-1: Ball 1-1: Foul Ball, location: 2F 1-2: Ball 2-2: Strikes out looking
|
| Bottom of the 3rd over - 1 run, 2 hits, 0 errors, 1 left on base; Savannah 1 - Buffalo 1 |
| TOP OF THE 4TH |
|
Savannah Swamp Foxes batting - Pitching for Buffalo Bisons : RHP Brad Radke
|
|
Batting: LHB Jacob Cruz
|
0-0: Called Strike 0-1: Called Strike 0-2: Strikes out swinging
|
|
Batting: SHB Greg Norton
|
0-0: Called Strike 0-1: DOUBLE (Line Drive, 78D, EV 110.6 MPH)
|
|
Batting: RHB Jimmy Hurst
|
0-0: Ball 1-0: Foul Ball, location: 2F 1-1: Swinging Strike 1-2: Ball 2-2: Ball 3-2: Foul Ball, location: 2F 3-2: Strikes out swinging
|
|
Batting: LHB Jack Howell
|
0-0: Ball 1-0: Foul Ball, location: 2F 1-1: Reached on error, E5 (Groundball, 56S, EV 87.5 MPH) Greg Norton to third
|
|
Batting: RHB Izzy Molina
|
0-0: Ball 1-0: Swinging Strike 1-1: Ball 2-1: Foul Ball, location: 2F 2-2: Ground out 4-3 (Groundball, 4, EV 86.3 MPH)
|
| Top of the 4th over - 0 runs, 1 hit, 1 error, 2 left on base; Savannah 1 - Buffalo 1 |
| BOTTOM OF THE 4TH |
|
Buffalo Bisons batting - Pitching for Savannah Swamp Foxes : RHP David Nied
|
|
Batting: RHB Eddie Zambrano
|
0-0: Ball 1-0: Foul Ball, location: 2F 1-1: Swinging Strike 1-2: Foul Ball, location: 2F 1-2: Ball 2-2: Foul Ball, location: 2F 2-2: SINGLE (Line Drive, 8LS, EV 100.0 MPH)
|
|
Batting: RHB Manny Martinez
|
0-0: Called Strike 0-1: Called Strike 0-2: Foul Ball, location: 2F 0-2: DOUBLE (Flyball, 78XD, EV 88.1 MPH) Eddie Zambrano to third
|
|
Batting: RHB Tim Spehr
|
0-0: Called Strike 0-1: Ball 1-1: Ball Balk! Eddie Zambrano scores Manny Martinez to third 2-1: Called Strike 2-2: Foul Ball, location: 2F 2-2: Ground out 6-3 (Groundball, 56, EV 108.1 MPH) Manny Martinez scores
|
|
Batting: SHB David Howard
|
0-0: Ball 1-0: Ball 2-0: Fly out, F4 (Popup, 4S, EV 71.9 MPH)
|
|
Batting: RHB Robert Eenhoorn
|
0-0: Ball 1-0: Called Strike 1-1: Foul Ball, location: 2F 1-2: Strikes out swinging
|
| Bottom of the 4th over - 2 runs, 2 hits, 0 errors, 0 left on base; Savannah 1 - Buffalo 3 |
| TOP OF THE 5TH |
|
Savannah Swamp Foxes batting - Pitching for Buffalo Bisons : RHP Brad Radke
|
|
Batting: LHB Koji Goto
|
0-0: Fly out, F3 (Popup, 34, EV 66.9 MPH)
|
|
Batting: RHB Andy Sheets
|
0-0: Ball 1-0: Ball 2-0: Swinging Strike 2-1: Ball 3-1: Foul Ball, location: 2F 3-2: Strikes out looking
|
|
Batting: RHB Masahiro Kawai
|
0-0: Called Strike 0-1: Ball 1-1: Foul Ball, location: 2F 1-2: Ground out 6-3 (Groundball, 6S, EV 90.0 MPH)
|
| Top of the 5th over - 0 runs, 0 hits, 0 errors, 0 left on base; Savannah 1 - Buffalo 3 |
| BOTTOM OF THE 5TH |
|
Buffalo Bisons batting - Pitching for Savannah Swamp Foxes : RHP David Nied
|
|
Batting: SHB Roger Cedeno
|
0-0: Foul Ball, location: 2F 0-1: Ball 1-1: Swinging Strike 1-2: Ball 2-2: Ground out 6-3 (Groundball, 6, EV 91.3 MPH)
|
|
Batting: SHB Enrique Wilson
|
0-0: Ball 1-0: Ball 2-0: Ball 3-0: Called Strike 3-1: Foul Ball, location: 2F 3-2: Fly out, F9 (Flyball, 9S, EV 75.0 MPH)
|
|
Batting: LHB Matt Stairs
|
0-0: Ball 1-0: Called Strike 1-1: Ground out U3 (Groundball, 3, EV 80.0 MPH)
|
| Bottom of the 5th over - 0 runs, 0 hits, 0 errors, 0 left on base; Savannah 1 - Buffalo 3 |
| TOP OF THE 6TH |
|
Savannah Swamp Foxes batting - Pitching for Buffalo Bisons : RHP Brad Radke
|
|
Batting: LHB Tony Longmire
|
0-0: Ball 1-0: SINGLE (Groundball, 4MD, EV 104.4 MPH)
|
|
Batting: LHB Jacob Cruz
|
0-0: SINGLE (Groundball, 4MD, EV 93.8 MPH) Tony Longmire to second
|
|
Batting: SHB Greg Norton
|
0-0: Ball 1-0: Called Strike 1-1: Called Strike 1-2: Ball 2-2: Ball 3-2: Fly out, F8 (Flyball, 8RS, EV 93.1 MPH)
|
|
Batting: RHB Jimmy Hurst
|
0-0: Foul Ball, location: 2F 0-1: Swinging Strike 0-2: Ball 1-2: Foul Ball, location: 2F 1-2: Strikes out looking
|
|
Batting: LHB Jack Howell
|
0-0: Foul Ball, location: 2F 0-1: Ground out U3 (Groundball, 3, EV 87.5 MPH)
|
| Top of the 6th over - 0 runs, 2 hits, 0 errors, 2 left on base; Savannah 1 - Buffalo 3 |
| BOTTOM OF THE 6TH |
|
Buffalo Bisons batting - Pitching for Savannah Swamp Foxes : RHP David Nied
|
|
Batting: RHB Kevin Young
|
0-0: SINGLE (Flyball, 89S, EV 94.4 MPH)
|
|
Batting: RHB Eddie Zambrano
|
0-0: Called Strike 0-1: Fly out, F9 (Flyball, 9S, EV 88.8 MPH)
|
|
Batting: RHB Manny Martinez
|
0-0: Ball 1-0: 2-RUN HOME RUN (Flyball, 8LXD, EV 105.0 MPH), Distance : 441 ft
|
|
Pitching: RHP Dustin Hermanson
|
|
|
Batting: RHB Tim Spehr
|
0-0: Ball 1-0: Called Strike 1-1: Foul Ball, location: 2F 1-2: SINGLE (Groundball, 6D, EV 97.5 MPH)
|
|
Batting: SHB David Howard
|
0-0: Ball 1-0: Ball 2-0: Called Strike 2-1: Ball 3-1: Foul Ball, location: 2F 3-2: Grounds out, U3 (Groundball, 3L, EV 83.1 MPH)
|
|
Batting: RHB Robert Eenhoorn
|
0-0: Swinging Strike 0-1: Called Strike 0-2: SINGLE (Line Drive, 6D, EV 96.9 MPH) Tim Spehr to third Runner from 3rd tries for Home, SAFE, throw by CF to home Robert Eenhoorn to second
|
|
Batting: SHB Roger Cedeno
|
0-0: Ball 1-0: Fly out, F9 (Flyball, 89M, EV 84.4 MPH)
|
| Bottom of the 6th over - 3 runs, 4 hits, 0 errors, 1 left on base; Savannah 1 - Buffalo 6 |
| TOP OF THE 7TH |
|
Savannah Swamp Foxes batting - Pitching for Buffalo Bisons : RHP Brad Radke
|
|
Batting: RHB Izzy Molina
|
0-0: Ball 1-0: Called Strike 1-1: Ground out 5-3 (Groundball, 5, EV 83.8 MPH)
|
|
Batting: LHB Koji Goto
|
0-0: Called Strike 0-1: Fly out, F8 (Flyball, 8RXD, EV 104.4 MPH)
|
|
Batting: RHB Andy Sheets
|
0-0: Ball 1-0: Called Strike 1-1: Called Strike 1-2: SOLO HOME RUN (Flyball, 7D, EV 91.3 MPH), Distance : 384 ft
|
|
Batting: RHB Masahiro Kawai
|
0-0: Swinging Strike 0-1: Fly out, F6 (Line Drive, 6, EV 62.5 MPH)
|
| Top of the 7th over - 1 run, 1 hit, 0 errors, 0 left on base; Savannah 2 - Buffalo 6 |
| BOTTOM OF THE 7TH |
|
Buffalo Bisons batting - Pitching for Savannah Swamp Foxes : RHP Dustin Hermanson
|
|
Batting: SHB Enrique Wilson
|
0-0: Foul Ball, location: 2F 0-1: Swinging Strike 0-2: Ball 1-2: Ground out 6-3 (Groundball, 6, EV 77.5 MPH)
|
|
Batting: LHB Matt Stairs
|
0-0: Ball 1-0: SINGLE (Line Drive, 34D, EV 96.3 MPH)
|
|
Batting: RHB Kevin Young
|
0-0: Ball 1-0: Ball 2-0: Called Strike 2-1: Ball 3-1: Fly out, F7 (Line Drive, 7, EV 95.6 MPH)
|
|
Batting: RHB Eddie Zambrano
|
0-0: Ball 1-0: Ground out 5-3 (Groundball, 56, EV 91.9 MPH)
|
| Bottom of the 7th over - 0 runs, 1 hit, 0 errors, 1 left on base; Savannah 2 - Buffalo 6 |
| TOP OF THE 8TH |
|
Savannah Swamp Foxes batting - Pitching for Buffalo Bisons : RHP Brad Radke
|
|
Batting: LHB Tony Longmire
|
0-0: Ball 1-0: Foul Ball, location: 2F 1-1: Ball 2-1: SINGLE (Flyball, 78S, EV 93.1 MPH)
|
|
Batting: LHB Jacob Cruz
|
0-0: Swinging Strike 0-1: Ball 1-1: Swinging Strike 1-2: Foul Ball, location: 2F 1-2: Strikes out swinging
|
|
Batting: SHB Greg Norton
|
0-0: Ball 1-0: Ball 2-0: Ball 3-0: Called Strike 3-1: Foul Ball, location: 2F 3-2: Strikes out looking
|
|
Batting: RHB Jimmy Hurst
|
0-0: Called Strike 0-1: Ball 1-1: Foul Ball, location: 2F 1-2: Foul Ball, location: 2F 1-2: SINGLE (Groundball, 4MD, EV 95.0 MPH) Tony Longmire to second Runner from 2nd tries for 3rd, SAFE, throw by CF made to third
|
|
Batting: LHB Jack Howell
|
0-0: Ball 1-0: Called Strike 1-1: Ball 2-1: Called Strike 2-2: Foul Ball, location: 2F 2-2: Foul Ball, location: 2F 2-2: Ground out 4-3 (Groundball, 4, EV 88.8 MPH)
|
| Top of the 8th over - 0 runs, 2 hits, 0 errors, 2 left on base; Savannah 2 - Buffalo 6 |
| BOTTOM OF THE 8TH |
|
Buffalo Bisons batting - Pitching for Savannah Swamp Foxes : RHP Dustin Hermanson
|
|
Batting: RHB Manny Martinez
|
0-0: Called Strike 0-1: Ball 1-1: Foul Ball, location: 2F 1-2: Foul Ball, location: 2F 1-2: SINGLE (Groundball, 4D, EV 97.5 MPH)
|
|
Pitching: RHP Johnny Ruffin
|
|
|
Batting: RHB Tim Spehr
|
0-0: Sac Bunt to 3S - play at first, batter OUT! 3-4 Manny Martinez to second
|
|
Batting: SHB David Howard
|
0-0: Ball 1-0: Ball 2-0: Ground out 4-3 (Groundball, 4, EV 101.3 MPH) Manny Martinez to third
|
|
Batting: RHB Robert Eenhoorn
|
0-0: Ball 1-0: Foul Ball, location: 2F 1-1: Ball 2-1: Foul Ball, location: 2F 2-2: Ball 3-2: Ground out 5-3 (Groundball, 56, EV 103.8 MPH)
|
| Bottom of the 8th over - 0 runs, 1 hit, 0 errors, 1 left on base; Savannah 2 - Buffalo 6 |
| TOP OF THE 9TH |
|
Savannah Swamp Foxes batting - Pitching for Buffalo Bisons : RHP Brad Radke
|
|
Batting: RHB Izzy Molina
|
0-0: Ball 1-0: DOUBLE (Flyball, 78XD, EV 94.4 MPH)
|
|
Batting: LHB Koji Goto
|
0-0: Called Strike 0-1: Ball 1-1: Fly out, F7 (Flyball, 78S, EV 85.0 MPH)
|
|
Batting: RHB Andy Sheets
|
0-0: Ball 1-0: DOUBLE (Flyball, 8RXD, EV 94.4 MPH) Izzy Molina scores
|
|
Pitching: LHP Tim Fortugno
|
|
|
Now in LF: Duane Singleton
|
|
|
Batting: RHB Masahiro Kawai
|
0-0: Ball 1-0: Ball 2-0: Called Strike 2-1: Foul Ball, location: 2F 2-2: Foul Ball, location: 2F 2-2: Ball 3-2: Base on Balls
|
|
Batting: LHB Tony Longmire
|
0-0: Foul Ball, location: 2F 0-1: Ball 1-1: Ball 2-1: Fly out, F9 (Flyball, 9LM, EV 101.3 MPH) Runner from 2nd tags up, SAFE at 3rd, no throw by RF
|
|
Batting: LHB Jacob Cruz
|
0-0: Ball 1-0: Called Strike 1-1: Foul Ball, location: 2F 1-2: Ball 2-2: Foul Ball, location: 2F 2-2: Ground out 3-1 (Groundball, 34S, EV 65.6 MPH)
|
| Top of the 9th over - 1 run, 2 hits, 0 errors, 2 left on base; Savannah 3 - Buffalo 6 |
|